AoeStats
← Barbeitus

Black Forest

504893775Analyzed
2v2 RM · 25d ago on Sep 7, 2026· 60m 37s· 4 players
Game mode
Random Map
Map size
Medium (4 player)
Population
200
Speed
Normal
Resources
Standard
Victory
Conquest
Starting age
Dark Age
Ending age
Imperial Age
RankedLock teamsTeams togetherTeam positionsShared explorationLock speedFull tech treeHidden civsTurbo modeCheats
Victory
Defeat
🇨🇴 Spanish · Colombia
822
+14
🇺🇸 Spanish · United States
788
+17
🇧🇴 Romans · Bolivia
776
-15
🇧🇴 Japanese · Bolivia
769
-14
Cyrusthegreat
13:33 Feudal Age
13:55 Horse Collar
14:05 Double-Bit Axe
15:22 Wheelbarrow
25:17 Castle Age
23:41 Stone Mining
27:18 Bow Saw
26:41 Man-at-Arms
26:44 Pikeman
38:09 Fortified Wall
42:04 Gold Mining
41:38 Elite Skirmisher
46:23 Hand Cart
49:58 Imperial Age
47:54 Hand Cart
48:20 Stone Shaft Mining
52:44 Two-Man Saw
52:09 Elite Conquistador
54:17 Heavy Plow
57:06 Cavalier
krodie1029
12:33 Feudal Age
13:24 Horse Collar
13:32 Double-Bit Axe
15:02 Wheelbarrow
14:39 Gold Mining
22:10 Castle Age
20:24 Stone Mining
21:46 Scale Barding Armor
22:16 Forging
22:59 Heavy Plow
23:24 Caravan
24:12 Bloodlines
24:03 Husbandry
27:15 Bow Saw
27:43 Stone Shaft Mining
30:18 Hand Cart
34:08 Chain Barding Armor
37:38 Imperial Age
39:34 Plate Barding Armor
39:36 Iron Casting
39:47 Conscription
42:32 Chemistry
41:52 Ballistics
41:28 Murder Holes
41:02 Cavalier
42:46 Blast Furnace
42:08 Capped Ram
44:49 Paladin
Polar
12:56 Feudal Age
14:20 Wheelbarrow
13:45 Arson
14:45 Man-at-Arms
18:26 Horse Collar
18:35 Double-Bit Axe
21:39 Gold Mining
21:40 Stone Mining
26:18 Castle Age
25:29 Town Watch
27:03 Long Swordsman
27:44 Squires
27:30 Gambesons
28:00 Pikeman
29:17 Town Patrol
30:26 Gold Shaft Mining
32:25 Hand Cart
32:13 Caravan
32:45 Coinage
32:20 Scale Mail Armor
32:31 Forging
32:22 Padded Archer Armor
35:18 Bow Saw
35:11 Heavy Plow
41:30 Imperial Age
39:38 Elite Skirmisher
40:24 Thumb Ring
42:08 Husbandry
42:19 Bloodlines
43:24 Banking
44:01 Conscription
44:03 Kataparuto
44:33 Ballistics
43:57 Treadmill Crane
45:27 Halberdier
47:01 Iron Casting
46:41 Chain Mail Armor
46:32 Scale Barding Armor
46:42 Leather Archer Armor
46:17 Fletching
47:16 Cavalier
Barbeitus
15:03 Feudal Age
16:04 Horse Collar
16:32 Man-at-Arms
17:10 Double-Bit Axe
17:17 Gold Mining
19:17 Wheelbarrow
22:14 Castle Age
24:13 Long Swordsman
28:06 Hand Cart
28:17 Bow Saw
28:09 Heavy Plow
28:18 Stone Mining
34:33 Imperial Age
32:43 Gold Shaft Mining
33:39 Pikeman
36:13 Crop Rotation
35:46 Squires
36:29 Capped Ram
38:32 Scale Barding Armor
38:38 Forging
38:28 Scale Mail Armor
38:05 Halberdier
40:30 Onager
41:22 Legionary
43:46 Chemistry
43:06 Ballistics
42:54 Caravan
43:33 Fortified Wall
44:10 Comitatenses
43:21 Siege Ram
45:23 Conscription
44:39 Cavalier
47:07 Iron Casting
46:47 Chain Mail Armor
47:08 Husbandry
53:27 Blast Furnace
52:43 Chain Mail Armor
58:49 Fletching
59:00 Padded Archer Armor
58:28 Elite Skirmisher
59:47 Bodkin Arrow
Connection lost

Rejoining the realm…

Still unreachable

The connection could not be restored.

Session expired

The server has moved on; the page needs a fresh start.